Cogmind - Beta 14 @@@ ROGUE MODE // 2025.01.18 @ 15:52:41 Player: Asriel Result: Destroyed by G-34 Mercenary with Small Laser Performance ------------- Evolutions (0) 0 Regions Visited (1) 200 Robots Destroyed (10) 50 Value Destroyed (149) 149 Prototype IDs (0) 0 Alien Tech Used (0) 0 Bonus (0) 0 TOTAL SCORE: 399 Bonus ------- None Cogmind --------- Core Integrity 0/250 Matter 207/300 Energy 67/100 System Corruption 0% Temperature Cool (6) Movement Rolling (80) Location -10/Materials Parts ------- > --- POWER (1) -------- (None) > --- PROPULSION (2) --- Wheel > --- UTILITY (2) ------ Seismic Detector > --- WEAPON (2) ------- Light Assault Rifle > --- INVENTORY (5) ---- Flight Unit Peak State ------------ > --- POWER ------------ Light Ion Engine > --- PROPULSION ------- Flight Unit Flight Unit > --- UTILITY ---------- Sensor Array Seismic Detector > --- WEAPON ----------- Small Laser Light Assault Rifle > --- INVENTORY -------- Wheel Wheel Datajack Mining Laser [Rating: 7] Favorites ----------- Power Light Ion Engine Engine Light Ion Engine Propulsion Wheel Wheel Wheel Flight Unit Flight Unit Utility Seismic Detector Device Seismic Detector Weapon Small Laser Energy Gun Small Laser Ballistic Gun Light Assault Rifle Special Weapon Mining Laser Special Melee Weapon Datajack Build | -11 -10 ------- Run | Yrd Mat Slots Evolved . | . . Power . | . . Propulsion . | . . Utility . | . . Weapon . | . . Parts Attached 24 | 9 15 Power 4 | 1 3 Engine 4 | 1 3 Core . | . . Reactor . | . . Propulsion 6 | 2 4 Treads . | . . Leg . | . . Wheel 4 | 2 2 Hover . | . . Flight 2 | . 2 Utility 3 | 1 2 Device 3 | 1 2 Storage . | . . Processor . | . . Hackware . | . . Protection . | . . Artifact . | . . Weapon 11 | 5 6 Energy Gun 5 | 3 2 Energy Cannon . | . . Ballistic Gun 4 | 2 2 Ballistic Cannon . | . . Launcher . | . . Special Weapon 1 | . 1 Impact Weapon . | . . Slashing Weapon . | . . Piercing Weapon . | . . Special Melee Weapon 1 | . 1 Unidentified Prototypes . | . . Parts Lost 11 | . 11 Power 2 | . 2 Propulsion 2 | . 2 Utility 2 | . 2 Weapon 5 | . 5 Highest Loss Streak 10 | . 10 To Critical Strikes . | . . Average Slot Usage (%) 82 | . 82 Engine 6 | . 6 Wheel 16 | . 16 Flight 9 | . 9 Device 23 | . 23 Energy Gun 14 | . 14 Ballistic Gun 9 | . 9 Peak Build Rating 7 | 5 7 Average Rating 4 | 3 5 On Entrance 2 | . 5 Naked Turns . | . . Heaviest Build 9 | 6 9 Greatest Support 20 | 20 20 Greatest Overweight (x) . | . . Average Overweight (x) . | . . Largest Inventory Capacity 5 | 5 5 Average Capacity 5 | 5 5 Most Carried 5 | 5 5 Average Carried 3 | 2 3 Final Capacity 5 | 5 5 Final Carried 4 | 4 1 Class Distribution -------------------- 75% | Mutant 24% | Scavenger-Mutant Dominant Class ---------------- Scavenger-Mutant | -10/Materials Resources | -11 -10 ----------- Run | Yrd Mat Matter Collected 313 | 267 46 Remotely . | . . Salvage Created 250 | 124 126 Parts 26 | 14 12 Haulers Intercepted . | . . Recyclers Shooed . | . . Parts Field Recycled . | . . Retrieved Matter . | . . Parts Self-Destructed . | . . Prevented . | . . Kills | -11 -10 ------- Run | Yrd Mat Combat Hostiles Destroyed 5 | 1 4 Guns 5 | 1 4 Classes Destroyed 5 | 3 2 Worker 1 | 1 . Tunneler 3 | 3 . Watcher 1 | . 1 Swarmer 3 | . 3 Grunt 2 | 1 1 Best Kill Streak 4 | 4 3 Combat Bots Only 3 | 1 3 Max Kills in Single Turn 1 | 1 1 Gunslinging . | . . Exploded . | . . Melee . | . . Uniques/NPCs Destroyed . | . . Combat | -11 -10 -------- Run | Yrd Mat Hostile Shots Fired 105 | 3 102 Missed 32 | 2 30 Damage Taken 797 | 12 785 Core 254 | . 254 Absorbed by Shields . | . . Core Remaining (%) 100 | 100 . Volleys Fired 33 | 7 26 Largest 2 | 2 2 Hottest 100 | 60 100 Shots Fired 61 | 14 47 Gun 60 | 14 46 Cannon . | . . Launcher . | . . Special 1 | . 1 Kinetic 26 | 7 19 Thermal 34 | 6 28 Explosive . | . . Electromagnetic 1 | 1 . Robot Hit Streak 7 | 4 7 Robot Miss Streak 2 | 1 2 Penetration Max . | . . Secondary Targets 1 | . 1 Max Gunslinging Chain 1 | . 1 Shots Hit Robots 38 | 8 30 Core Hits 17 | 7 10 Critical Kills . | . . Critical Parts Destroyed 1 | . 1 Critical Strikes 1 | . 1 Destroy 1 | . 1 Melee Attacks 2 | . 2 Impact . | . . Slashing . | . . Piercing . | . . Sneak Attacks . | . . Combat Hostiles . | . . Follow-up Attacks . | . . Damage Inflicted 381 | 82 299 Guns 377 | 82 295 Cannons . | . . Explosions . | . . Melee . | . . Ramming 4 | . 4 Kinetic 140 | 16 124 Thermal 225 | 54 171 Explosive . | . . Electromagnetic 12 | 12 . Impact . | . . Slashing . | . . Piercing . | . . Highest Corruption . | . . Average Corruption . | . . Corruption Purged . | . . Corruption Blocked . | . . Overload Shots . | . . Overflow Damage . | . . Projectiles . | . . Explosions . | . . Melee . | . . Knockbacks . | . . Impact . | . . Kinetic . | . . Secondary . | . . Self-Inflicted Damage 2 | . 2 Shots . | . . Rammed 1 | . 1 Targets Rammed 1 | . 1 Kicked . | . . Crushed . | . . Highest Temperature 211 | 46 211 Average Temperature 57 | 24 65 Received Heat Transfer 375 | 6 369 Siege Activations . | . . Robots Corrupted . | . . Combat Hostiles . | . . Parts Fried . | . . Impact Corruptions . | . . Robots Melted . | . . Combat Hostiles . | . . Parts Melted 1 | . 1 Heat Transferred 500 | 125 375 Parts Sabotaged . | . . Parts Stolen . | . . Parts Stripped . | . . Power Chain Reactions . | . . Alert | -11 -10 ------- Run | Yrd Mat Peak Influence 128 | 40 128 Initial 26 | . 26 Average 48 | 13 75 Maximum Alert Level . | . . Low Security (%) 100 | 100 100 Level 1 . | . . Level 2 . | . . Level 3 . | . . Level 4 . | . . Level 5 . | . . High Security . | . . Max Security . | . . Squads Dispatched 1 | . 1 Investigation . | . . Extermination . | . . Reinforcement 1 | . 1 Assault . | . . Garrison . | . . Intercept . | . . Searches Triggered . | . . Construction Impeded . | . . Haulers Reinforced . | . . Active Scanning Responses . | . . Cargo Convoy Interrupts . | . . Stealth | -11 -10 --------- Run | Yrd Mat Distress Signals 1 | . 1 Communications Jammed . | . . Distress Signals . | . . Times Spotted 11 | 1 10 Peak Tracking Total 5 | 1 5 Tactical Retreats . | . . Traps | -11 -10 ------- Run | Yrd Mat Traps Triggered . | . . Indirectly . | . . Trap Hack Attempts . | . . Triggered . | . . Disarmed . | . . Reprogrammed . | . . Reused . | . . Traps Extracted . | . . Installed . | . . Triggered . | . . Machines | -11 -10 ---------- Run | Yrd Mat Machines Disabled . | . . Max in Single Turn . | . . Machines Repaired . | . . Machines Dismantled . | . . Machines Sabotaged . | . . Overloaded Fab Kills . | . . Hacking | -11 -10 --------- Run | Yrd Mat Machines Accessed 1 | . 1 Terminals 1 | . 1 Fabricators . | . . Repair Stations . | . . Recycling Units . | . . Scanalyzers . | . . Garrison Access . | . . Total Hacks 5 | . 5 Successful 1 | . 1 Failed 4 | . 4 Catastrophic . | . . Database Lockouts . | . . Manual . | . . Terminals 5 | . 5 Fabricators . | . . Repair Stations . | . . Recycling Units . | . . Scanalyzers . | . . Garrison Access . | . . Terminal Hacks 1 | . 1 Record 1 | . 1 Fabricator Hacks . | . . Repair Station Hacks . | . . Recycling Unit Hacks . | . . Scanalyzer . | . . Garrison Access Hacks . | . . Unauthorized Hacks . | . . Terminals . | . . Fabricators . | . . Repair Stations . | . . Recycling Units . | . . Scanalyzers . | . . Garrison Access . | . . Data Cores Recovered . | . . Used . | . . Hacking Detections 1 | . 1 Full Trace Events 1 | . 1 Feedback Events . | . . Feedback Blocked . | . . Robot Schematics Acquired . | . . Robots Built . | . . Authchips . | . . Time . | . . Total Robot Build Rating . | . . Part Schematics Acquired . | . . Parts Built . | . . Authchips . | . . Time . | . . Total Part Build Rating . | . . Parts Repaired . | . . Time . | . . Parts Recycled . | . . Recycled Matter . | . . Retrieved Matter . | . . Retrieved Components . | . . Parts Scanalyzed . | . . Part Schematics Acquired . | . . Parts Damaged . | . . Bothacking | -11 -10 ------------ Run | Yrd Mat Used RIF Installer . | . . Robots Hacked 1 | . 1 Non-combat . | . . Combat 1 | . 1 Robot Hacks Applied 2 | . 2 parse_system 2 | . 2 Relay Couplers Released . | . . Fabnet Peak Effective % . | . . Robots Rewired . | . . Allies Hacked . | . . Hacks Repelled . | . . Allies | -11 -10 -------- Run | Yrd Mat Total Allies . | . . Largest Group . | . . Highest-Rated Group . | . . Highest-Rated Ally . | . . Total Orders . | . . Ally Attacks . | . . Total Damage . | . . Kills . | . . Allies Corrupted . | . . Allies Melted . | . . Intel | -11 -10 ------- Run | Yrd Mat Robot Analysis Total . | . . Derelict Logs Recovered . | . . Drone Launches . | . . Drone Recoveries . | . . Exploration | -11 -10 ------------- Run | Yrd Mat Turns Passed 305 | 136 169 Spaces Moved 206 | 116 90 Core 24 | 24 . Treads . | . . Legs . | . . Wheels 155 | 92 63 Hover . | . . Flight 27 | . 27 Fastest Speed 37 | 50 37 Average Speed 70 | 73 67 Slowest Speed 80 | 80 80 Overloaded Moves . | . . Propulsion Burnouts . | . . Robots Hopped . | . . Cave-ins Triggered . | . . Exploration Rate (%) 8 | 5 11 Regions Visited 1 Branch Regions . Pre-discovered Areas . | . . Known Exits Taken . | . . Unknown Exits Taken 1 | 1 . Scrap Searched . | . . Spaces Dug . | . . Terrain Destroyed . | . . Melee . | . . Projectile . | . . AOE . | . . Terrain Rammed . | . . Walls Destroyed . | . . Machines Disabled . | . . Actions | -11 -10 --------- Run | Yrd Mat Total 306 | 155 151 Wait 11 | 6 5 Move 205 | 115 90 Hop . | . . Pick Up 22 | 13 9 Fast Attach . | . . Attach 16 | 7 9 Detach 1 | 1 . Swap 8 | 2 6 Drop 7 | 4 3 Fire 33 | 7 26 Melee 2 | . 2 Ram 1 | . 1 Kick . | . . Crush . | . . Escape Stasis . | . . Rewire . | . . Trap . | . . Miscellaneous . | . . Route ------- -11/Scrapyard -10/Materials History --------- Turn | Location | Event 2 | -11/Scrapyard | Met Revision 17 82 | -11/Scrapyard | Discovered new exit (range 8) 137 | -11/Scrapyard | Entered Materials 286 | -10/Materials | Core integrity fell below 50% 304 | -10/Materials | Core integrity fell below 20% 306 | -10/Materials | Destroyed by G-34 Mercenary with Small Laser Last Messages --------------- Jacked G-34 Mercenary... Right-click on available options for more info. Keyboard players can use Shift-a~z. >>parse_system Reading system data... Jacked G-34 Mercenary... >>parse_system Reading system data... Datajack destroyed. Mining Laser destroyed. Wheel destroyed. Slammed into G-34 Mercenary. Ramming works as a last resort when unarmed or blocked, but can have serious negative consequences. Ion Engine destroyed. Acquired Sml. Laser. Sml. Laser destroyed. Acquired Lgt. Assault Rifle. Sensor Array destroyed. Map ----- +----------------------------------------------------+ | | | | | | | | | | | | | | | | | | | | | | | | | | | | | | | | | | | | | | | | | | | | | ?????????????????????#############???????????????? | | ?????????????????????# = g #???????????????? | | ???????####??????????# g == """ #???????????????? | | ???????#T"############ @ g "R" #???????????????? | | ?####### "# + """ " " #???????????????? | | ?# ########## """ #???????????????? | | ?# #????????# """ #???????????????? | | ?# #????????# #???????????????? | | #######+###+###??????######+######???????????????? | | # = #?????????# #??????????????????? | | # #????# %[ #?????????????? | | # """ """ """ #????# * + ????????? | | # """ """ """ #????# # ???????? | | # """ """ """ #????###### * ######??? ???????? | | # #?????????## !%##??????????????????? | | ###############??????????# =#???????????????????? | | ?????????????????????????#^ #???????????????????? | | ?????????????????????????# #???????????????????? | | ?????????????????????????# #???????????????????? | | ?????????????????????????# #???????????????????? | | ?????????????????????????# #???????????????????? | | ?????????????????????????+ +???????????????????? | | ?????????????????????????? #???????????????????? | | ?????????????????????????? ????????????????????? | | ?????????????????????????? ????????????????????? | | ?????????????????????????????????????????????????? | | ?????????????????????????????????????????????????? | | ?????????????????????????????????????????????????? | +----------------------------------------------------+ Best States ------------- Heat Dissipation 25 Energy Generation 10 Energy Capacity 250 Matter Stores 300 Matter Capacity 300 Sight Range 16 Robot Scan Range 14 Terrain Scan Density 10 Evasion (%) 57 Item Schematics ----------------- None Robot Schematics ------------------ None Fabricated ------------ Nothing Alien Tech Used ----------------- None Achievements -------------- None Challenges ------------ None Game ------ Seed AccelerationIntegrityLaser Manual? 0 Play Time 00:10:57 Cumulative 1.0 hours Start 2025.01.18 @ 15:40:32 End 2025.01.18 @ 15:52:41 Sessions 1 Manual Loads 0 Difficulty Rogue Special Mode None Game No. 2 Rogue 2 Adventurer 0 Explorer 0 Win Type - Total 0 Types 0/0/0/0/0/0/0/0/0 Lore% 0 Gallery% 2 Achievement% 3 Wizard Run 0 Options --------- Layout 1 ASCII 0 Keyboard 0 Movement Mouse Keybinds 0 Fullscreen 2 Font 32/SmallcapsGlow Map View 50x35 Zoom Use 0% Tactical HUD 0 Map Filters NONE Filters NONE Steam 1 RUN: b67ac005-4320-4cdb-8aa9-714528692706